 Dungeon Crawl Stone Soup version 0.22.1-2-g9c5b331 (webtiles) character file.

9723 WarriorsX the Cleaver (level 11, -8/133 HPs)
             Began as a Human Berserker on Dec 15, 2018.
             Was a High Priest of Trog.
             Mangled by an orc warrior
             ... wielding a +0 dire flail
              (16 damage)
             ... on level 9 of the Dungeon.
             The game lasted 00:34:22 (9557 turns).

WarriorsX the Cleaver (Human Berserker)             Turns: 9557, Time: 00:34:23

Health: -8/133     AC: 21    Str: 23 (25) XL:     11   Next: 79%
Magic:  11/11      EV: 11    Int:  7      God:    Trog [*****.]
Gold:   578        SH:  6    Dex: 13 (14) Spells: 10/10 levels left

rFire    . . .     SeeInvis .   B - +0 battleaxe
rCold    . . .     Gourm    .   (shield currently unavailable)
rNeg     . . .     Faith    .   e - +1 plate armour
rPois    +         Spirit   .   (no helmet)
rElec    .         Reflect  +   (no cloak)
rCorr    .         Harm     .   b - +0 pair of gloves
MR       .....                  v - +0 pair of boots
Stlth    ..........             a - +6 amulet of reflection
HPRegen  0.32/turn              o - ring of poison resistance
MPRegen  0.12/turn              y - +3 ring of protection

@: berserking, very quick
A: rugged brown scales 1, blurry vision 1, wild magic 1
a: Berserk, Trog's Hand, Brothers in Arms, Renounce Religion


You were on level 9 of the Dungeon.
You worshipped Trog.
Trog was extremely pleased with you.
You were hungry.

You visited 2 branches of the dungeon, and saw 11 of its levels.

You collected 578 gold pieces.

Inventory:

Hand Weapons
 p - a +3 flail of draining
 B - a +0 battleaxe (weapon)
Armour
 b - a +0 pair of gloves (worn)
 e - a +1 plate armour (worn)
 q - a +2 scale mail of poison resistance
 v - a +0 pair of boots (worn)
Jewellery
 a - a +6 amulet of reflection (around neck)
 g - an uncursed ring of protection from cold
 o - a ring of poison resistance (left hand)
 y - a +3 ring of protection (right hand)
 z - a +1 ring of evasion
 A - an uncursed ring of protection from cold
 C - an uncursed ring of protection from fire
 D - an uncursed amulet of rage {unknown}
 E - a +4 amulet of reflection
Wands
 f - a wand of polymorph (4)
 i - a wand of disintegration (9)
 l - a wand of clouds (3)
 m - a wand of iceblast (6)
Scrolls
 h - 6 scrolls of identify
 k - a scroll of random uselessness {unknown}
 n - a scroll of remove curse
 r - a scroll of fear
 s - a scroll of magic mapping {unknown}
 t - a scroll of fog
 u - a scroll of enchant weapon
 w - a scroll of teleportation
Potions
 j - a potion of might
 x - 2 potions of resistance
Comestibles
 c - 16 rations
 d - 4 chunks of flesh


   Skills:
 * Level 8.4 Fighting
 + Level 11.0 Axes
 * Level 9.1 Armour
 * Level 8.3 Dodging


You had 10 spell levels left.
You didn't know any spells.
Your spell library was empty.

Dungeon Overview and Level Annotations

Branches:
Dungeon (10/15)            Temple (1/1) D:7            Lair (0/6) D:8
    Orc: D:9-12

Altars:
Ashenzari
Cheibriados
Dithmenos
Elyvilon
Fedhas
Gozag
Hepliaklqana
Kikubaaqudgha
Makhleb
Nemelex Xobeh
Okawaru
Qazlal
Ru
Sif Muna
Trog
Uskayaw
Vehumet
Wu Jian
Xom
Yredelemnul
Zin
The Shining One

Shops:
D:4 ?


Innate Abilities, Weirdness & Mutations

You are partially covered in rugged brown scales. (AC +1, +3% HP)
Scrolls take you a little longer to read.
Your spells are a little harder to cast, but a little more powerful.


Message History

Eat one of 6 chunks of flesh? (ye/n/q)
You eat one of the 6 chunks of flesh.
This raw flesh tastes terrible.
You are feeling hungry.
Eat one of 5 chunks of flesh? (ye/n/q)
You eat one of the 5 chunks of flesh.
This raw flesh tastes terrible.
An orc warrior comes into view. It is wielding a dire flail.
The orc warrior shouts!
There is a stone staircase leading up here.
The orc warrior hits you but does no damage.
You climb upwards.
There is a stone staircase leading down here.
A red film seems to cover your vision as you go berserk!
You feel yourself moving faster!
You feel mighty!
You are feeling hungry.
The orc warrior hits you with a dire flail!
* * * LOW HITPOINT WARNING * * *
You slash the orc warrior!
The orc warrior is heavily wounded.
The orc warrior hits you with a dire flail!
You die...

.....####....##.##
#........ .....#
####.....########........
.....#
####.........+........
.....#
#.#########........
###### #..# ##'######
.....# ##.# #....#
####'## ####.##
######'### ......#
#.....######........#
......#
#..o@.....##........#
......#
#####.....###..#........#
..>[..###.........#
##.'........#
......+...###.....#
###<.......# ......#####
#.....# #........#
......# ###.###
#....P...# #'##### #.##
#####....# ).# #..#
##8...# #######
#######.### #.....#


You could see an orc warrior.

Vanquished Creatures
  2 two-headed ogres (D:10)
  The ghost of Frank the Blocker, a novice GrFi of Makhleb (D:8)
  Pikel (D:3)
  Joseph (D:8)
  Psyche (D:8)
  A troll (D:10)
  Grinder (D:4)
  A queen bee (D:9)
  Prince Ribbit (D:5)
  3 hippogriffs
  Sigmund (D:3)
  Eustachio (D:5)
  A hungry ghost (D:8)
  Edmund (D:5)
  Purgy (D:4)
  3 ice beasts
  3 black bears (D:8)
  6 sky beasts
  4 ogres
  A necrophage (D:8)
  4 centaurs
  2 big kobolds (D:8)
  Blork the orc (D:4)
  A bullfrog (D:7)
  A wyvern zombie (D:8)
  5 scorpions
  13 killer bees (D:9)
  10 wights
  A vampire bat (D:5)
  3 howler monkeys (D:8)
  A crimson imp (D:6)
  A bullfrog zombie (D:9)
  2 centaur zombies
  6 orc priests
  3 orc wizards
  6 hounds
  A jelly (D:7)
  Ijyb (D:4)
  Natasha (twice) (D:4)
  3 iguanas
  5 worker ants
  2 killer bee zombies (D:9)
  A hound zombie (D:9)
  A hound skeleton (D:6)
  A killer bee simulacrum (D:8)
  A mummy (D:9)
  A worker ant zombie (D:5)
  4 gnolls
  10 adders
  A shadow imp (D:5)
  3 oozes
  2 dart slugs
  3 fire bats (D:5)
  6 leopard geckos
  30 orcs
  A spectral bat (D:5)
  A ball python (D:2)
  3 bat skeletons (D:5)
  A bat zombie (D:5)
  15 giant cockroaches
  9 goblins
  5 hobgoblins
  9 jackals
  16 kobolds
  3 quokkas
  18 bats
  A bat simulacrum (D:5)
  15 frilled lizards
  A quokka zombie (D:9)
  6 rats
277 creatures vanquished.

Vanquished Creatures (others)
  2 slaves (D:4)
  A centaur (D:8)
  A scorpion (D:4)
  Natasha (D:4)
  An orc (D:4)
  A ball python (D:4)
  2 frilled lizards (D:4)
  A withered plant (D:9)
10 creatures vanquished.

Grand Total: 287 creatures vanquished

Notes
Turn   | Place    | Note
-------+----------+-------------------------------------------
     0 | D:1      | WarriorsX the Human Berserker began the quest for the Orb.
     0 | D:1      | Reached XP level 1. HP: 18/18 MP: 1/1
   239 | D:1      | Reached XP level 2. HP: 21/24 MP: 2/2
   376 | D:2      | Reached ** piety under Trog
   376 | D:2      | Reached XP level 3. HP: 29/29 MP: 3/3
   529 | D:2      | Reached XP level 4. HP: 28/35 MP: 4/4
   806 | D:2      | Found a radiant altar of Vehumet.
   806 | D:2      | Found a stormy altar of Qazlal.
   807 | D:2      | Found a shattered altar of Ashenzari.
   810 | D:2      | Found a hazy altar of Hepliaklqana.
   869 | D:2      | Reached skill level 4 in Axes
   991 | D:2      | Reached XP level 5. HP: 41/41 MP: 5/5
  1090 | D:3      | Noticed a hippogriff
  1093 | D:3      | Reached *** piety under Trog
  1094 | D:3      | Noticed Sigmund
  1103 | D:3      | Killed a hippogriff
  1103 | D:3      | Reached XP level 6. HP: 11/48 MP: 6/6
  1404 | D:3      | Killed Sigmund
  1404 | D:3      | Reached XP level 7. HP: 52/53 MP: 7/7
  1984 | D:3      | Found a white marble altar of Elyvilon.
  2173 | D:4      | Found Ydexzor's Magic Scroll Shop.
  2184 | D:3      | Reached skill level 5 in Axes
  2340 | D:4      | Found a burning altar of Makhleb.
  2356 | D:4      | Noticed Blork the orc
  2363 | D:4      | Killed Blork the orc
  2372 | D:4      | Noticed Ijyb
  2421 | D:4      | Killed Ijyb
  2421 | D:4      | Reached XP level 8. HP: 52/60 MP: 8/8
  2457 | D:4      | Noticed Pikel
  2480 | D:4      | Noticed Natasha
  2504 | D:4      | Found a hide-covered altar of Uskayaw.
  2573 | D:3      | Killed Pikel
  2573 | D:3      | Reached skill level 6 in Axes
  2573 | D:3      | Reached skill level 5 in Armour
  2573 | D:3      | Reached skill level 5 in Dodging
  2738 | D:4      | Killed Natasha
  2759 | D:4      | Noticed Grinder
  2767 | D:4      | Killed Grinder
  3044 | D:4      | Gained mutation: You possess an exceptional clarity of
                  | mind. [potion of mutation]
  3044 | D:4      | Gained mutation: Your flesh is cold resistant. (rC+)
                  | [potion of mutation]
  3053 | D:4      | Killed Natasha
  3082 | D:4      | Noticed Natasha
  3092 | D:4      | Reached XP level 9. HP: 67/67 MP: 9/9
  3098 | D:4      | Killed Natasha
  3202 | D:4      | Noticed Purgy
  3227 | D:4      | Killed Purgy
  3227 | D:4      | Reached skill level 5 in Fighting
  3897 | D:5      | Entered Level 5 of the Dungeon
  3918 | D:5      | Reached skill level 7 in Axes
  3926 | D:5      | Found a sparkling altar of Nemelex Xobeh.
  3928 | D:5      | Noticed Edmund
  3944 | D:5      | Killed Edmund
  4109 | D:5      | Noticed Eustachio
  4175 | D:5      | Killed Eustachio
  4399 | D:5      | Noticed Prince Ribbit
  4799 | D:5      | Found an ornate altar of the Wu Jian Council.
  4799 | D:5      | Found a deep blue altar of Sif Muna.
  4961 | D:5      | Killed Prince Ribbit
  5172 | D:5      | Reached **** piety under Trog
  5442 | D:6      | Reached skill level 8 in Axes
  5648 | D:6      | Reached XP level 10. HP: 76/76 MP: 10/10
  5888 | D:6      | Found a snail-covered altar of Cheibriados.
  5888 | D:6      | Found a sacrificial altar of Ru.
  6101 | D:7      | Lost mutation: Your flesh is cold resistant. (rC+) [potion
                  | of mutation]
  6101 | D:7      | Lost mutation: You possess an exceptional clarity of mind.
                  | [potion of mutation]
  6101 | D:7      | Gained mutation: Scrolls take you a little longer to read.
                  | [potion of mutation]
  6101 | D:7      | Gained mutation: Your spells are a little harder to cast,
                  | but a little more powerful. [potion of mutation]
  6101 | D:7      | Gained mutation: You are partially covered in rugged brown
                  | scales. (AC +1, +3% HP) [potion of mutation]
  6446 | D:7      | Reached skill level 9 in Axes
  6567 | D:7      | Found a staircase to the Ecumenical Temple.
  6627 | Temple   | Entered the Ecumenical Temple
  6879 | D:8      | Found a staircase to the Lair.
  6934 | D:8      | Noticed Joseph
  6966 | D:8      | Killed Joseph
  7160 | D:8      | Found a runed gate.
  7160 | D:8      | Found a runed gate.
  7160 | D:8      | Found a runed gate.
  7161 | D:8      | Found an opulent altar of Gozag.
  7162 | D:8      | Noticed Frank's ghost (novice GrFi)
  7267 | D:8      | Killed Frank's ghost
  7267 | D:8      | Reached XP level 11. HP: 85/86 MP: 11/11
  7273 | D:8      | Reached skill level 10 in Axes
  7390 | D:8      | Noticed Psyche
  7414 | D:8      | Killed Psyche
  7622 | D:8      | Paralysed by fainting for 11 turns
  8007 | D:9      | Got a crystal spear
  8456 | D:9      | Reached ***** piety under Trog
  9065 | D:10     | Entered Level 10 of the Dungeon
  9236 | D:10     | Noticed a two-headed ogre
  9253 | D:10     | Killed a two-headed ogre
  9514 | D:10     | Noticed a two-headed ogre
  9531 | D:10     | HP: 2/88 [two-headed ogre/giant club (10)]
  9543 | D:10     | Killed a two-headed ogre
  9543 | D:10     | Reached skill level 11 in Axes
  9557 | D:9      | Mangled by an orc warrior

Skill      XL: |  1  2  3  4  5  6  7  8  9 10 11 |
---------------+----------------------------------+-----
Axes           | 4 5 6 8 9 11 | 11.0
Armour         | 3 4 5 6 8 9 |  9.1
Dodging        | 3 4 5 6 7 8 |  8.3
Fighting       | 4 5 7 8 |  8.4

Action                   |  1- 3 |  4- 6 |  7- 9 | 10-12 || total
-------------------------+-------+-------+-------+-------++-------
Melee: Hand axe          |   105 |   127 |    47 |       ||   279
       Broad axe         |       |       |   333 |   512 ||   845
       Unarmed           |       |       |    17 |       ||    17
       Battleaxe         |       |       |       |   104 ||   104
Invok: Trog's Hand       |       |     3 |     8 |     7 ||    18
       Berserk           |       |     2 |     5 |     4 ||    11
Evoke: Wand              |       |       |     1 |       ||     1
  Use: Potion            |     2 |     1 |     2 |    10 ||    15
       Scroll            |       |       |     6 |     8 ||    14
  Eat: Chunk             |       |     3 |    24 |    10 ||    37
       Ration            |       |       |       |     3 ||     3
Armor: Ring mail         |    45 |    51 |    59 |       ||   155
       Animal skin       |     1 |       |       |       ||     1
       Plate armour      |       |       |   116 |   324 ||   440
       Scale mail        |       |       |    34 |       ||    34
       Skin              |       |       |       |    46 ||    46
Dodge: Dodged            |    93 |   104 |   300 |   327 ||   824
Block: Other             |       |       |   123 |   197 ||   320
       Reflection        |       |       |     2 |     7 ||     9
